 Dungeon Crawl Stone Soup version 0.17.2-1-ge4368a0 (webtiles) character file.

5464 Khazaran the Martial Artist (level 10, -5/71 HPs)
             Began as a Demonspawn Monk on Oct 25, 2017.
             Was a High Priest of Cheibriados.
             Slain by a catoblepas (21 damage)
             ... on level 9 of the Dungeon.
             The game lasted 00:14:51 (11354 turns).

Khazaran the Martial Artist (Demonspawn Monk)      Turns: 11354, Time: 00:14:51

Health: -5/71      AC:  5    Str: 25    XL:     10   Next: 41%
Magic:  23/23      EV: 21    Int: 25    God:    Cheibriados [*****.]
Gold:   604        SH:  0    Dex: 28    Spells: 0 memorised, 9 levels left

rFire  . . .     SeeInvis .       - Unarmed
rCold  . . .     Clarity  .     M - +0 troll leather armour
rNeg   . . .     SustAt   .     (no shield)
rPois  .         Gourm    .     w - +0 hat
rElec  .         Spirit   .     L - +0 cloak
rCorr  .         Warding  .     (gloves unavailable)
rMut   .         Stasis   .     (no boots)
MR     .....                    (no amulet)
Stlth  ++........               (no ring)
                                d - ring of magical power

@: very slow, not resistant to hostile enchantments, unstealthy
A: claws 3, hooves 1, horns 2
a: Bend Time, Temporal Distortion, Slouch, Step From Time, Renounce Religion


You were on level 9 of the Dungeon.
You worshipped Cheibriados.
Cheibriados was extremely pleased with you.
You were not hungry.

You visited 1 branch of the dungeon, and saw 9 of its levels.
You also visited: Sewer and Ossuary.

You collected 604 gold pieces.

Inventory:

Hand Weapons
 I - a +0 blowgun
Missiles
 u - 2 javelins (quivered)
 J - 7 poisoned needles
Armour
 a - a +1 robe
 w - a +0 hat (worn)
 L - a +0 cloak (worn)
 M - a +0 troll leather armour (worn)
Jewellery
 d - a ring of magical power (left claw)
Wands
 G - a wand of slowing (13)
 K - a wand of flame (17)
Scrolls
 h - a scroll of noise
 i - a scroll of magic mapping {unknown}
 k - 7 scrolls of fog
 q - 2 scrolls of immolation
 r - 4 scrolls of teleportation
 t - 2 scrolls of random uselessness {unknown}
 x - 9 scrolls of identify
 y - a scroll of summoning {unknown}
 z - 3 scrolls of fear
 B - 2 scrolls of remove curse {unknown}
 E - 2 scrolls of amnesia {unknown}
 F - 2 scrolls of recharging
 H - a scroll of enchant weapon {unknown}
Potions
 e - 2 potions of invisibility
 g - a potion of flight
 l - 4 potions of brilliance
 o - a potion of might {unknown}
 s - 2 potions of heal wounds {unknown}
 v - 2 potions of haste
 C - a potion of lignification {unknown}
 D - a potion of mutation {unknown}
Books
 p - a book of Flames

   Spells                             Type                      Level
   a - Flame Tongue                   Conjuration/Fire             1
   b - Throw Flame                    Conjuration/Fire             2
   c - Conjure Flame                  Conjuration/Fire             3
   d - Inner Flame                    Hexes/Fire                   3
   e - Sticky Flame                   Conjuration/Fire             4
   f - Fireball                       Conjuration/Fire             5
Comestibles
 b - 3 bread rations
 c - 6 beef jerkies
 f - 3 royal jellies
 j - 6 chunks of flesh
 m - 8 meat rations
 n - 3 fruits
 A - 2 slices of pizza


   Skills:
 + Level 3.9 Fighting
 * Level 8.5 Dodging
 - Level 1.7 Stealth
 * Level 11.1 Unarmed Combat
 + Level 6.6 Invocations


You had 9 spell levels left.
You didn't know any spells.

Dungeon Overview and Level Annotations

Branches:
Dungeon (9/15)             Temple (0/1) D:6
   Lair: D:8-11         Orc: D:9-12

Altars:
Cheibriados
Dithmenos
Fedhas
Kikubaaqudgha
Makhleb
Nemelex Xobeh
Qazlal
Ru
Sif Muna
Trog
Xom
Yredelemnul
Zin
The Shining One

Shops:
D:6 (   D:8 !

Annotations:
D:4 Erymatos's ghost, novice MiBe


Innate Abilities, Weirdness & Mutations

You have claws for hands.
You have large cloven feet.
You have a pair of horns on your head.


Message History

Cheibriados thoroughly appreciates the change of pace.
No target in view!
No target in view!
You start waiting.
You open the door.
A jackal, a yak, a catoblepas and a zombie come into view.
The catoblepas gores you!
The jackal barks!
The worker ant zombie moves out of view.
The catoblepas gores you!
A hippogriff and a troll come into view.
There is an open door, spattered with blood here.
The yak bellows!
The troll shouts!
You mangle the catoblepas!!
You kick the catoblepas, but do no damage.
The catoblepas is moderately wounded.
The catoblepas gores you!!
* * * LOW HITPOINT WARNING * * *
The catoblepas gores you!!
You die...

#.# ##.######.#..# #.(....... ..#
#.........#..# ##(.......
.#####.####...#..# #)##.....
.......# #...#..# #)†####..
.#####.# #...#..#####. ##....###
.# #.# #...#.....YH. #......# .#
###.########......TZ #..#.... ##
#.....# #Y##########..##...
####.#.#.######.@...........###..
..<.......<...#....†........# #..
####.#.#.######..###############[
#.>...# #... ......... #####[..##
#.... .........
......#.#########################
#####...#.............#.......##.
###.#.#######...#####....###.
#.#.# #.....###.....# #.


You could see a catoblepas.

Vanquished Creatures
  A hill giant (D:9)
  The ghost of MySettings the Quickloader, a novice KoHu (Ossuary)
  2 trolls (D:9)
  A two-headed ogre (D:8)
  Grum (D:8)
  A hungry ghost (D:8)
  3 hippogriffs
  4 wolves (D:8)
  A yak (D:9)
  4 ogres
  An ice beast (D:5)
  A black bear (D:9)
  A centaur (D:9)
  A big kobold (D:8)
  3 giant frogs
  2 elf zombies (Ossuary)
  7 scorpions
  An electric eel (D:9)
  5 crimson imps
  A centaur zombie (Ossuary)
  3 hounds
  4 orc priests
  2 human zombies (Ossuary)
  2 jellies
  4 worker ants
  2 centaur skeletons
  2 giant frog skeletons
  7 orc wizards
  Natasha (thrice) (D:2)
  An iguana (D:9)
  A big kobold zombie (Ossuary)
  3 mummies
  A hound zombie (D:6)
  A hound skeleton (D:7)
  A worker ant zombie (D:5)
  11 adders
  A gnoll (D:9)
  A shadow imp (D:9)
  7 oozes (Sewer)
  2 adder skeletons (D:4)
  An adder zombie (Ossuary)
  7 worms
  35 orcs
  3 ball pythons
  9 bats
  7 giant cockroaches
  8 hobgoblins
  18 jackals
  7 giant geckos
  3 giant gecko skeletons
  5 giant newts
  7 goblins
  10 hobgoblin zombies (Ossuary)
  15 kobolds
  6 kobold zombies (Ossuary)
  10 orc zombies (Ossuary)
  6 quokkas
  7 rats
  2 rat zombies (Ossuary)
267 creatures vanquished.

Notes
Turn   | Place    | Note
--------------------------------------------------------------
     0 | D:1      | Khazaran the Demonspawn Monk began the quest for the Orb.
     0 | D:1      | Reached XP level 1. HP: 18/18 MP: 1/1
   327 | D:1      | Reached skill level 4 in Unarmed Combat
   492 | D:1      | Gained mutation: You have large cloven feet. [demonic ancestry]
   492 | D:1      | Reached XP level 2. HP: 22/24 MP: 2/2
   943 | D:2      | Found a faded altar to an unknown god.
   975 | D:2      | Gained mutation: You have sharp fingernails. [demonic ancestry]
   975 | D:2      | Reached XP level 3. HP: 15/29 MP: 3/3
  1204 | D:2      | Noticed Natasha
  1215 | D:2      | Killed Natasha
  1215 | D:2      | Reached skill level 5 in Unarmed Combat
  1336 | D:2      | Noticed Natasha
  1469 | D:2      | Killed Natasha
  1469 | D:2      | Gained mutation: You have very sharp fingernails. [demonic ancestry]
  1469 | D:2      | Reached XP level 4. HP: 25/35 MP: 4/4
  1635 | D:2      | Noticed Natasha
  1654 | D:2      | Killed Natasha
  1903 | D:2      | Found a shadowy altar of Dithmenos.
  2318 | D:3      | Found a glowing silver altar of Zin.
  2338 | D:3      | Found a deep blue altar of Sif Muna.
  2425 | D:3      | Found a bloodstained altar of Trog.
  2426 | D:3      | Found a shimmering altar of Xom.
  2426 | D:3      | Found a sparkling altar of Nemelex Xobeh.
  2426 | D:3      | Found a burning altar of Makhleb.
  2434 | D:3      | Found a basalt altar of Yredelemnul.
  2436 | D:3      | Found a stormy altar of Qazlal.
  2533 | D:3      | Reached XP level 5. HP: 24/41 MP: 5/5
  2909 | D:4      | Reached skill level 6 in Unarmed Combat
  3083 | D:4      | Noticed Erymatos's ghost (novice MiBe)
  3658 | D:4      | Gained mutation: You have claws for hands. [demonic ancestry]
  3658 | D:4      | Reached XP level 6. HP: 28/47 MP: 6/6
  3909 | D:4      | Reached skill level 7 in Unarmed Combat
  4380 | D:4      | Noticed an ogre
  4432 | D:4      | Noticed a phantom
  4916 | D:3      | Killed an ogre
  5232 | D:5      | Entered Level 5 of the Dungeon
  5367 | D:5      | Reached XP level 7. HP: 50/52 MP: 7/7
  5443 | D:5      | Found a glowing drain.
  5449 | Sewer    | Entered a sewer
  5643 | Sewer    | Reached skill level 8 in Unarmed Combat
  7496 | D:6      | Found Etuakam's Weapon Emporium.
  7563 | D:6      | Found an ancient bone altar of Kikubaaqudgha.
  7600 | D:6      | Reached XP level 8. HP: 26/58 MP: 8/8
  7741 | D:6      | Found a snail-covered altar of Cheibriados.
  7744 | D:6      | Found a blossoming altar of Fedhas.
  7750 | D:6      | Became a worshipper of Cheibriados the Contemplative
  7750 | D:6      | Reached * piety under Cheibriados
  7750 | D:6      | Reached ** piety under Cheibriados
  7756 | D:6      | Found a glowing golden altar of the Shining One.
  7773 | D:6      | Found a sacrificial altar of Ru.
  7792 | D:6      | Found a staircase to the Ecumenical Temple.
  8075 | D:7      | Reached skill level 1 in Invocations
  8127 | D:7      | Found a sand-covered staircase.
  8315 | Ossuary  | Entered an ossuary
  8392 | Ossuary  | Noticed MySettings's ghost (novice KoHu)
  8398 | Ossuary  | Reached *** piety under Cheibriados
  8398 | Ossuary  | Reached skill level 5 in Dodging
  8419 | Ossuary  | Killed MySettings's ghost
  8419 | Ossuary  | Reached skill level 9 in Unarmed Combat
  8932 | D:7      | Gained mutation: You have a pair of small horns on your head. [demonic ancestry]
  8932 | D:7      | Reached XP level 9. HP: 35/63 MP: 11/11
  9473 | D:8      | Noticed Grum
  9483 | D:8      | Killed Grum
  9493 | D:8      | Reached skill level 10 in Unarmed Combat
  9502 | D:8      | HP: 3/63 [wolf[Grum] (8)]
  9503 | D:8      | Reached **** piety under Cheibriados
 10135 | D:8      | Reached skill level 5 in Invocations
 10451 | D:8      | Found Goydi's Distillery.
 10660 | D:9      | Gained mutation: You have a pair of horns on your head. [demonic ancestry]
 10660 | D:9      | Reached XP level 10. HP: 60/70 MP: 14/14
 10745 | D:9      | Noticed a hill giant
 10751 | D:9      | Killed a hill giant
 10767 | D:9      | Reached ***** piety under Cheibriados
 11237 | D:9      | Reached skill level 11 in Unarmed Combat
 11352 | D:9      | Noticed a catoblepas
 11354 | D:9      | Slain by a catoblepas

Action                   |  1- 3 |  4- 6 |  7- 9 | 10-12 || total
-------------------------+-------+-------+-------+-------++-------
Melee: Unarmed           |   103 |   185 |   440 |    56 ||   784
 Fire: Blowgun           |       |       |       |     2 ||     2
Throw: Javelin           |       |       |     2 |     2 ||     4
Invok: Bend Time         |       |       |     1 |       ||     1
  Use: Potion            |     2 |     1 |    18 |       ||    21
       Scroll            |       |     9 |       |     1 ||    10
 Stab: Sleeping          |     1 |     1 |     4 |       ||     6
       Invisible         |       |       |    12 |       ||    12
       Distracted        |       |       |     1 |       ||     1
  Eat: Chunk             |     1 |     1 |       |       ||     2
       Bread ration      |       |     3 |     3 |     1 ||     7
